 Dungeon Crawl Stone Soup version 0.29-a0-334-gb41bcbb86e (webtiles) character file.

Game seed: 18383536916700618181

6121 Morbidden the Digger (level 10, -7/93 HPs)
             Began as a Troll Earth Elementalist on Apr 14, 2022.
             Mangled by a hornet (14 damage)
             ... while paralysed by a hornet
             ... on level 9 of the Dungeon.
             The game lasted 00:14:30 (9735 turns).

Morbidden the Digger (Troll Earth Elementalist)     Turns: 9735, Time: 00:14:31

Health: -7/93      AC:  8    Str: 18    XL:     10   Next: 59%
Magic:  15/16      EV:  1    Int: 15    God:
Gold:   494        SH:  0    Dex: 10    Spells: 10/18 levels left

rFire   . . .      SeeInvis .     - Unarmed
rCold   . . .      Faith    .   (no shield)
rNeg    . . .      Spirit   .   E - +0 acid dragon scales
rPois   .          Reflect  .   (helmet restricted)
rElec   .          Harm     .   b - scarf {+Inv}
rCorr   +          Rampage  .   (gloves unavailable)
Will    .....                   (boots unavailable)
Stlth   +.........              (no amulet)
HPRegen 1.05/turn               k - +4 ring of slaying
MPRegen 0.15/turn               (no ring)

@: paralysed, lethally poisoned (-7 -> -13), slowed
A: large, unfitting armour, claws 3, regeneration 1, shaggy fur 1, tough skin 1
a: Evoke Invisibility


You were on level 9 of the Dungeon.
You visited 2 branches of the dungeon, and saw 10 of its levels.

You collected 494 gold pieces.

Inventory:

Missiles
 a - 116 stones
 v - a curare-tipped dart
 x - 2 boomerangs (quivered)
Armour
 b - a scarf of invisibility (worn)
 E - +0 acid dragon scales (worn)
Jewellery
 k - a +4 ring of slaying (left claw)
Wands
 n - a wand of flame (10)
 t - a wand of iceblast (3)
 y - a wand of digging (9)
 A - a wand of mindburst (22)
 D - a wand of acid (7)
Scrolls
 e - 8 scrolls of identify
 g - 2 scrolls of blinking
 j - 2 scrolls of summoning
 m - 3 scrolls of enchant armour
 o - 2 scrolls of fog
 s - 3 scrolls of noise
 w - a scroll of vulnerability
 B - a scroll of amnesia
 C - 3 scrolls of brand weapon
Potions
 c - 3 potions of magic
 d - 5 potions of attraction
 f - 3 potions of heal wounds
 h - 4 potions of haste
 i - 2 potions of ambrosia {unknown}
 l - 3 potions of mutation {unknown}
 p - 2 potions of lignification {unknown}
 q - 4 potions of curing
 r - a potion of resistance {unknown}
 u - 3 potions of flight {unknown}


   Skills:
 * Level 4.3 Fighting
 + Level 1.7 Throwing
 + Level 0.7 Armour
 * Level 4.4 Dodging
 + Level 1.7 Stealth
 * Level 6.5 Unarmed Combat
 * Level 4.7 Spellcasting
 * Level 3.0 Conjurations
 * Level 3.2 Transmutations
 * Level 7.3 Earth Magic
 + Level 0.7 Evocations


You had 10 spell levels left.
You knew the following spells:

 Your Spells              Type           Power      Damage    Failure   Level
a - Sandblast             Erth           50%        2d12      1%          1
b - Stone Arrow           Conj/Erth      38%        3d9       8%          3
c - Petrify               Tmut/Erth      19%        N/A       24%         4

Your spell library contained the following spells:

 Spells                   Type           Power      Damage    Failure   Level
 Passwall                 Tmut/Erth      15%        N/A       3%          2
 Pain                     Necr           12%        1d4       22%         1
 Ozocubu's Armour         Ice            3%         N/A       54%         3
 Tukima's Dance           Hex            3%         N/A       54%         3
 Passage of Golubria      Tloc           3%         N/A       91%         4
 Yara's Violent Unravell  Hex/Tmut       4%         3d4       97%         5
 Agony                    Necr           3%         N/A       99%         5
 Excruciating Wounds      Necr           1%         N/A       99%         5
 Malign Gateway           Summ/Tloc      1%         N/A       100%        7
 Ozocubu's Refrigeration  Ice            1%         4d5       100%        7
 Summon Horrible Things   Summ           1%         N/A       100%        8


Dungeon Overview and Level Annotations

Branches:
Dungeon (9/15)             Temple (1/1) D:7
   Lair: D:8-11         Orc: D:9-12

Altars:
Ashenzari
Cheibriados
Dithmenos
Elyvilon
Fedhas
Gozag
Hepliaklqana
Kikubaaqudgha
Makhleb
Nemelex Xobeh
Okawaru
Qazlal
Ru
Sif Muna
Trog
Uskayaw
Vehumet
Wu Jian
Xom
Yredelemnul
Zin
The Shining One

Shops:
D:8 !   D:9 !

Annotations:
D:8 1 runed translucent door, Westside's ghost, novice HOBe


Innate Abilities, Weirdness & Mutations

You are too large for most types of armour.
You have claws for hands.
Your natural rate of healing is unusually fast.
You are covered in fur. (AC +1)
You have tough skin. (AC +1)


Message History

You are more poisoned.
You feel as though you will be slow longer.
Unknown command.
You scratch the yak.
The yak is almost dead.
You feel very sick. The hornet barely misses you. The yak closely misses you.
Unknown command.
You claw the yak!
You kill the yak!
You feel very sick. The hornet stings you!
You feel as though you will be slow longer.
The hornet completely misses you. The bullfrog barely misses you.
Unknown command.
You scratch the hornet but do no damage.
You feel very sick. The hornet stings you!
You feel as though you will be slow longer.
The bullfrog misses you. The hornet stings you!
You feel as though you will be slow longer.
The bullfrog misses you.
You mangle the hornet!!
The hornet is heavily wounded.
You feel sick. The hornet stings you!
* * * LOW HITPOINT WARNING * * *
You suddenly lose the ability to move!
The bullfrog hits you but does no damage.
The hornet stings you!
* * * LOW HITPOINT WARNING * * *
You are more poisoned.
You feel as though you will be slow longer.
The bullfrog hits you but does no damage.
You feel very sick. The hornet stings you.
* * * LOW HITPOINT WARNING * * *
You shrug off the repeated paralysis!
The bullfrog hits you.
* * * LOW HITPOINT WARNING * * *
The hornet stings you!
You die...

#### ### #...#
#.##.....
..##.
##.'......
.....
##..'y..∩..
....
##...'F.....
.##..
#...F##.....
.....
##...y@## ..#
.....
#.......### #
#. ##.........
#.
##..#..##..##
#.
##.#..##....
#.
#..#...#.....
...
##...........
.....
###..........
#....
##............
#....


You could see a hornet and a bullfrog.

Vanquished Creatures
  A two-headed ogre (D:9)
  A deep elf pyromancer (D:7)
  Maggie (D:6)
  Grinder (D:6)
  10 yaks
  Sigmund (D:2)
  Menkaure (D:4)
  2 water moccasins
  An acid dragon (D:8)
  2 ice beasts (D:5)
  A black bear (D:4)
  An orc warrior (D:8)
  2 ogres
  2 centaurs
  2 phantoms
  A kobold brigand (D:4)
  A gnoll sergeant (D:8)
  5 bullfrogs
  3 necrophages
  3 scorpions
  4 wights (D:8)
  A howler monkey (D:9)
  A hound (D:5)
  An orc priest (D:8)
  2 jellies
  Jessica (D:2)
  Ijyb (D:4)
  Natasha (thrice) (D:3)
  4 iguanas
  6 orc wizards
  6 adders
  11 gnolls
  2 ufetubi (D:5)
  2 worms
  3 dart slugs
  19 orcs
  4 ball pythons
  5 bats
  7 endoplasms
  3 giant cockroaches
  7 goblins
  4 hobgoblins
  5 quokkas
  4 frilled lizards
  6 kobolds
  6 rats
  A bush (D:1)
161 creatures vanquished.

Vanquished Creatures (others)
  3 plants (D:1)
3 creatures vanquished.

Grand Total: 164 creatures vanquished

Notes
Turn   | Place    | Note
-------+----------+-------------------------------------------
     0 | D:1      | Morbidden the Troll Earth Elementalist began the quest for
                  | the Orb.
     0 | D:1      | Reached XP level 1. HP: 16/16 MP: 1/1
    63 | D:1      | Reached skill level 3 in Earth Magic
    90 | D:1      | Reached XP level 2. HP: 15/26 MP: 3/3
   387 | D:1      | Found a faded altar of an unknown god.
   427 | D:1      | Noticed a shining eye
   435 | D:1      | Noticed a golden eye
   436 | D:1      | Noticed a great orb of eyes
   436 | D:1      | Noticed a great orb of eyes
  1123 | D:2      | Reached XP level 3. HP: 32/32 MP: 4/4
  1146 | D:2      | Reached skill level 1 in Unarmed Combat
  1374 | D:2      | Noticed Jessica
  1376 | D:2      | Killed Jessica
  1377 | D:2      | Reached XP level 4. HP: 40/40 MP: 5/5
  1761 | D:2      | Noticed Sigmund
  1827 | D:2      | Killed Sigmund
  1828 | D:2      | Reached skill level 1 in Fighting
  1828 | D:2      | Reached XP level 5. HP: 25/48 MP: 3/6
  2261 | D:2      | Learned a level 3 spell: Stone Arrow
  2300 | D:2      | Reached XP level 6. HP: 51/55 MP: 7/7
  2602 | D:3      | Noticed Natasha
  2611 | D:3      | Killed Natasha
  2650 | D:3      | Noticed Natasha
  2659 | D:3      | Killed Natasha
  2716 | D:3      | Noticed Natasha
  2724 | D:3      | Killed Natasha
  2725 | D:3      | Reached skill level 4 in Earth Magic
  3075 | D:4      | Noticed Menkaure
  3097 | D:4      | Killed Menkaure
  3161 | D:4      | Found a sacrificial altar of Ru.
  3189 | D:4      | Reached XP level 7. HP: 57/62 MP: 7/9
  3567 | D:4      | Noticed Ijyb
  3581 | D:4      | Killed Ijyb
  3663 | D:4      | Reached skill level 1 in Conjurations
  3932 | D:4      | Reached skill level 5 in Earth Magic
  4316 | D:5      | Entered Level 5 of the Dungeon
  4337 | D:5      | Learned a level 4 spell: Petrify
  4424 | D:5      | Reached XP level 8. HP: 60/74 MP: 8/11
  4753 | D:5      | Reached skill level 1 in Transmutations
  4871 | D:5      | Reached skill level 1 in Throwing
  5641 | D:6      | Noticed Grinder
  5652 | D:6      | Killed Grinder
  5653 | D:6      | Reached XP level 9. HP: 80/80 MP: 10/14
  5679 | D:6      | Reached skill level 6 in Earth Magic
  5725 | D:6      | Noticed Maggie
  5734 | D:6      | Killed Maggie
  6611 | D:7      | Found a staircase to the Ecumenical Temple.
  6635 | Temple   | Entered the Ecumenical Temple
  7029 | D:7      | Noticed a deep elf pyromancer
  7047 | D:7      | Killed a deep elf pyromancer
  7069 | D:7      | Reached skill level 5 in Unarmed Combat
  7282 | D:7      | Reached XP level 10. HP: 12/91 MP: 15/15
  7643 | D:7      | Identified the +1 leather armour of Failure {Harm Int+2
                  | Dex-3}
  8146 | D:8      | Found a runed translucent door.
  8146 | D:8      | Noticed Westside's ghost (novice HOBe)
  8863 | D:8      | Reached skill level 7 in Earth Magic
  8927 | D:8      | Found Gexyivel's Distillery.
  9531 | D:9      | Noticed a two-headed ogre
  9539 | D:9      | Killed a two-headed ogre
  9723 | D:9      | Found Keweys's Distillery.
  9734 | D:9      | Paralysed by a hornet for 2 turns
  9735 | D:9      | Mangled by a hornet

Illustrated notes

Levels and vault maps discovered:
D:1:      amcnicky_arrival_double_pillar, layout_rooms,
          hellmonk_ecumenical_altar_watching_god, serial_forest,
          infiniplex_forest_end_double, infiniplex_forest_clump_curved,
          infiniplex_forest_clump_tiny, infiniplex_forest_clump_double,
          infiniplex_forest_split, infiniplex_forest_clump_medium,
          amcnicky_mini_rare_corridor_liquid, minmay_misc_feat_iff
D:2:      layout_basic, minmay_puff, uniq_jessica, uniq_sigmund
D:3:      layout_rooms, roderic_malta_cross, uniq_natasha
D:4:      layout_basic, nicolae_ru_awakened_eye, uniq_menkaure, uniq_ijyb
D:5:      layout_basic, st_stairs_9
D:6:      layout_cave_pods, uniq_grinder, uniq_maggie
D:7:      layout_basic, minmay_temple_entry_mist
D:8:      layout_basic, serial_shops, nicolae_shop_behind_doors,
          gammafunk_ghost_grave
D:9:      layout_cave_pools, kennysheep_windowed_goal
Temple:   mainiacjoe_temple_circle_huts

Skill      XL: |  1  2  3  4  5  6  7  8  9 10 |
---------------+-------------------------------+-----
Earth Magic    | 3 4 5 6 7 |  7.3
Unarmed Combat | 2 3 4 5 6 |  6.5
Fighting       | 1 2 3 4 |  4.3
Dodging        | 2 3 4 |  4.4
Spellcasting   | 2 3 4 |  4.7
Conjurations   | 1 2 3 |  3.0
Transmutations | 2 3 |  3.2
Throwing       | 1 |  1.7
Armour         | |  0.7
Stealth        | |  1.7
Evocations     | |  0.7

Action                   |  1- 3 |  4- 6 |  7- 9 | 10-12 || total
-------------------------+-------+-------+-------+-------++-------
Melee: Unarmed           |   195 |    41 |   152 |    75 ||   463
       Punch             |     2 |     1 |     6 |     2 ||    11
Throw: Stone             |     7 |    20 |    36 |     5 ||    68
       Boomerang         |       |       |       |     7 ||     7
       Dart              |       |       |       |     3 ||     3
 Cast: Sandblast         |     5 |    41 |    76 |    10 ||   132
       Stone Arrow       |       |       |    12 |    28 ||    40
Evoke: Wand              |       |       |    11 |       ||    11
  Use: Potion            |       |     1 |       |       ||     1
       Scroll            |       |       |    14 |       ||    14
 Stab: Sleeping          |     1 |       |       |       ||     1
Armor: Robe              |    36 |    15 |    35 |       ||    86
       Steam dragon scal |       |       |    12 |     9 ||    21
       Acid dragon scale |       |       |       |    11 ||    11
Dodge: Dodged            |    47 |    20 |    71 |    34 ||   172

Table legend: (Time is in decaauts)
 A = Elapsed time spent in this place.
 B = Non-inter-level travel time spent in this place.
 C = Inter-level travel time spent in this place.
 D = Time resting spent in this place.
 E = Time spent auto-exploring this place.
 F = Levels seen in this place.
 G = Mean time per level.
                   A        B        C        D        E       F      G
               +--------+--------+--------+--------+--------+-----+--------+
         Total |   9725 |   9407 |    318 |    974 |   6903 |  10 |  972.5 |
       Dungeon |   9418 |   9115 |    303 |    974 |   6634 |   9 | 1046.4 |
        Temple |    306 |    291 |     15 |      0 |    269 |   1 |  306.0 |
               +--------+--------+--------+--------+--------+-----+--------+

Top non-repeatable levels by time:
     D:8: 1619 daAuts
     D:2: 1398 daAuts
     D:4: 1264 daAuts
     D:7: 1202 daAuts
     D:5: 1041 daAuts
     D:6: 988 daAuts
     D:1: 979 daAuts
     D:3: 675 daAuts
  Temple: 306 daAuts
     D:9: 249 daAuts
